 Dungeon Crawl Stone Soup version 0.29-a0-219-g0a02b1cf4f (console) character file.

Game seed: 3795528914399001829

191 jejorda2 the Shooter (level 5, 0/30 HPs)
             Began as a Tengu Hunter on Feb 25, 2022.
             Slain by a black bear (7 damage)
             ... on level 4 of the Dungeon.
             The game lasted 00:06:28 (3144 turns).

jejorda2 the Shooter (Tengu Hunter)                 Turns: 3144, Time: 00:06:29

Health: 0/30       AC:  4    Str: 12    XL:     5   Next: 70%
Magic:  6/6        EV: 14    Int: 11    God:
Gold:   116        SH:  0    Dex: 17    Spells: 4/4 levels left

rFire   . . .      SeeInvis .   a - +1 shortbow
rCold   . . .      Faith    .   (shield currently unavailable)
rNeg    . . .      Spirit   .   b - +1 leather armour
rPois   .          Reflect  .   (helmet restricted)
rElec   .          Harm     .   (no cloak)
rCorr   .          Rampage  .   (no gloves)
Will    .....                   (boots unavailable)
Stlth   ++........              (no amulet)
HPRegen 0.10/turn               (no ring)
MPRegen 0.10/turn               (no ring)

@: flying quickly and evasively, quick
A: beak, talons 3, nimble flight
a: no special abilities


You were on level 4 of the Dungeon.
You visited 1 branch of the dungeon, and saw 4 of its levels.

You collected 116 gold pieces.

Inventory:

Hand Weapons
 a - a +1 shortbow (weapon)
Armour
 b - a +1 leather armour (worn)
Potions
 e - a potion of cancellation {unknown}
 h - a potion of haste {unknown}
 j - a potion of lignification


   Skills:
 - Level 2.0 Fighting
 * Level 6.6 Bows
 - Level 2.1 Dodging
 + Level 3.3 Stealth


You had 4 spell levels left.
You didn't know any spells.
Your spell library contained the following spells:

 Spells                   Type           Power      Damage    Failure   Level
 Call Canine Familiar     Summ           0%         N/A       80%         3
 Confusing Touch          Hex            0%         N/A       80%         3
 Portal Projectile        Hex/Tloc       0%         N/A       80%         3
 Leda's Liquefaction      Hex/Erth       0%         N/A       99%         4
 Yara's Violent Unravell  Hex/Tmut       0%         3d3       100%        5
 Enfeeble                 Hex            0%         N/A       100%        7


Dungeon Overview and Level Annotations

Branches:
Dungeon (4/15)
 Temple: D:4-7

Altars:


Innate Abilities, Weirdness & Mutations

You have a beak for a mouth.
You have claws for feet.
Your magical nature lets you fly swiftly and evasively.


Message History

You shoot an arrow. The arrow hits the quokka.
The quokka is severely wounded.
You shoot an arrow. The arrow closely misses the quokka.
You shoot an arrow. The arrow hits the quokka.
The quokka is almost dead.
No target in view!
No target in view!
No target in view!
A black bear comes into view.
A kobold comes into view. It is wielding a +0 club.
The quokka misses you.
You shoot an arrow. The arrow hits the quokka.
You kill the quokka!
There is a stone staircase leading up here.
You shoot an arrow. The arrow barely misses the black bear.
The black bear bites you. The black bear barely misses you.
The black bear completely misses you.
You shoot an arrow. The arrow hits the black bear!
The black bear is heavily wounded.
The black bear misses you. The black bear completely misses you.
The black bear claws you.
You shoot an arrow. The arrow hits the black bear!
The black bear is severely wounded.
The black bear goes berserk!
You shoot an arrow.
The arrow closely misses the black bear.
The black bear barely misses you. The black bear claws you.
The black bear closely misses you. x2
The black bear claws you but does no damage.
The black bear barely misses you.
You shoot an arrow. The arrow barely misses the black bear.
The black bear bites you! The black bear claws you.
* * * LOW HITPOINT WARNING * * *
The black bear claws you.
* * * LOW HITPOINT WARNING * * *
The black bear bites you but does no damage.
The black bear closely misses you. The black bear misses you.
It was a potion of magic.
Magic courses through your body. The black bear bites you!
You die...

*,********* *,* *,* *,* ****
********* *,*******,,, *,,,,,,,*
*,,,,,,,,,,* *,****#,*
*##,####***,,* *,* #.####
*.......,,,,,* *,*
#..?@##*.#.....**,,*,
*,****#.###h#*....##,**,*,,
*,**,..,* #K##.....#.***,,∩
**,*#.#*,**#..........*,,*,,
******,,..,,*#...###K....#.*,,,*,
,,,,,,,,.,,,*##.#***....##,*,,,,*
******,,,,,,* #.,,,,K......,,,,,,
**,***** #*****.#####.,,,,,,
****,* ****.#* *,,,,,,,


You could see a black bear (berserk) and a kobold.

Vanquished Creatures
  2 hound skeletons (D:3)
  Robin (D:3)
  3 gnolls
  An adder (D:2)
  4 dart slugs
  9 orcs (D:3)
  11 endoplasms
  A giant cockroach (D:2)
  17 goblins
  8 hobgoblins
  7 jackals
  8 kobolds
  2 quokkas
  6 ball pythons
  3 bats
  5 frilled lizards
  A quokka zombie (D:3)
  4 rats
93 creatures vanquished.

Vanquished Creatures (others)
  5 withered plants (D:3)
5 creatures vanquished.

Grand Total: 98 creatures vanquished

Notes
Turn   | Place    | Note
-------+----------+-------------------------------------------
     0 | D:1      | jejorda2 the Tengu Hunter began the quest for the Orb.
     0 | D:1      | Reached XP level 1. HP: 12/12 MP: 2/2
   142 | D:1      | Reached XP level 2. HP: 17/17 MP: 3/3
   419 | D:1      | Reached skill level 5 in Bows
   441 | D:1      | Reached XP level 3. HP: 21/21 MP: 4/4
  1197 | D:2      | Identified the +0 leather armour of Fokk {Str-5 Dex+2
                  | Stlth+}
  1373 | D:2      | Reached XP level 4. HP: 22/26 MP: 5/5
  1886 | D:3      | Noticed Robin
  1894 | D:3      | Reached skill level 6 in Bows
  2262 | D:2      | Gained mutation: Your magical nature lets you fly swiftly
                  | and evasively. [Tengu growth]
  2262 | D:2      | Reached XP level 5. HP: 25/30 MP: 6/6
  2874 | D:3      | Killed Robin
  2994 | D:3      | Found a faded altar of an unknown god.
  3132 | D:4      | Noticed a black bear
  3144 | D:4      | Slain by a black bear

Illustrated notes

Levels and vault maps discovered:
D:1:      sevenhm_arrival_forest_fort_small_3, layout_basic, minmay_misc_feat_x
D:2:      layout_loops_ring, minmay_pentomino_w2
D:3:      layout_rooms, shapermc_ecumenical_altar_venn, serial_undead,
          serial_undead_d, serial_undead_b, serial_undead_f, serial_undead_c,
          minmay_misc_feat_secret_circle, uniq_robin
D:4:      layout_loops_ring, nzn_wu_jian_council_hall, serial_shops,
          nicolae_diamond_shop

Skill      XL: |  1  2  3  4  5 |
---------------+----------------+-----
Bows           | 5 6 |  6.6
Stealth        | 2 3 |  3.3
Fighting       | |  2.0
Dodging        | |  2.1

Action                   |  1- 3 |  4- 6 || total
-------------------------+-------+-------++-------
 Fire: Shortbow          |   102 |   134 ||   236
  Use: Scroll            |       |     7 ||     7
       Potion            |       |     1 ||     1
Armor: Leather armour    |     8 |    20 ||    28
Dodge: Dodged            |    37 |    86 ||   123

Table legend: (Time is in decaauts)
 A = Elapsed time spent in this place.
 B = Non-inter-level travel time spent in this place.
 C = Inter-level travel time spent in this place.
 D = Time resting spent in this place.
 E = Time spent auto-exploring this place.
 F = Levels seen in this place.
 G = Mean time per level.
                   A        B        C        D        E       F      G
               +--------+--------+--------+--------+--------+-----+--------+
         Total |   3181 |   3062 |    119 |    213 |   2325 |   4 |  795.2 |
       Dungeon |   3181 |   3062 |    119 |    213 |   2325 |   4 |  795.2 |
               +--------+--------+--------+--------+--------+-----+--------+

Top non-repeatable levels by time:
     D:2: 1521 daAuts
     D:3: 841 daAuts
     D:1: 780 daAuts
     D:4: 38 daAuts
